 Dungeon Crawl Stone Soup version 0.27.1-33-g824d729ab1 (webtiles) character file.

Game seed: 14051285338369425702

58 LLlMATKO the Skirmisher (level 3, -3/33 HPs)
             Began as a Minotaur Berserker on Dec 29, 2021.
             Was a Believer of Trog.
             Slain by a gnoll (6 damage)
             ... on level 2 of the Dungeon.
             The game lasted 00:01:38 (1099 turns).

LLlMATKO the Skirmisher (Minotaur Berserker)        Turns: 1099, Time: 00:01:38

Health: -3/33      AC:  9    Str: 21    XL:     3   Next: 75%
Magic:  2/2        EV:  8    Int:  4    God:    Trog [**....]
Gold:   100        SH:  3    Dex: 10    Spells: 2/2 levels left

rFire    . . .     SeeInvis .   a - +0 mace
rCold    . . .     Faith    .   f - +0 buckler
rNeg     . . .     Spirit   .   g - +0 chain mail
rPois    .         Reflect  .   (helmet restricted)
rElec    .         Harm     .   (no cloak)
rCorr    .         Rampage  .   (no gloves)
Will     .....                  (no boots)
Stlth    ..........             (no amulet)
HPRegen  0.11/turn              (no ring)
MPRegen  0.08/turn              (no ring)

@: on berserk cooldown, slowed, very slow
A: horns 2, retaliatory headbutt
a: Renounce Religion, Berserk, Trog's Hand


You were on level 2 of the Dungeon.
You worshipped Trog.
Trog was pleased with you.
You visited 1 branch of the dungeon, and saw 2 of its levels.

You collected 100 gold pieces.

Inventory:

Hand Weapons
 a - a +0 mace (weapon)
Missiles
 e - 6 atropa-tipped darts (quivered)
Armour
 f - a +0 buckler (worn)
 g - a +0 chain mail (worn)
Scrolls
 c - 2 scrolls of identify {unknown}
 d - 3 scrolls of teleportation {unknown}


   Skills:
 + Level 4.1 Fighting
 + Level 4.1 Maces & Flails
 + Level 3.2 Armour
 + Level 2.8 Dodging
 + Level 1.0 Shields


You had 2 spell levels left.
You didn't know any spells.
Your spell library was empty.

Dungeon Overview and Level Annotations

Branches:
Dungeon (2/15)

Altars:

Shops:
D:1 =


Innate Abilities, Weirdness & Mutations

You have a pair of horns on your head.
You reflexively headbutt those who attack you in melee.


Message History

The gnoll hits you but does no damage. x2; The gnoll hits you with a +0 flail.
You struggle against the net.
You feel a strong urge to attack something.
The gnoll hits you with a +0 club.
The gnoll hits you from afar with a +0 spear.
The gnoll barely misses you. You furiously retaliate!
You headbutt the gnoll! The gnoll hits you with a +0 flail.
* * * LOW HITPOINT WARNING * * *
You are too injured to fight recklessly!
You are too injured to fight recklessly!
You are too injured to fight recklessly!
You tear a large gash into the net.
The gnoll barely misses you. You furiously retaliate!
You headbutt the gnoll, but do no damage.
The gnoll hits you from afar with a +0 spear.
* * * LOW HITPOINT WARNING * * *
You rip the net and break free!
You feel your anger nearly subside.
You are no longer berserk.
You are exhausted.
You feel yourself slow down. The gnoll closely misses you.
You furiously retaliate!
You headbutt the gnoll! You block the gnoll's attack.
A goblin comes into view. It is wielding a +0 club.
The gnoll hits you with a +0 club.
* * * LOW HITPOINT WARNING * * *
The gnoll hits you with a +0 flail.
* * * LOW HITPOINT WARNING * * *
Things that are here:
a +0 whip; a gnoll corpse The gnoll hits you but does no damage.
You hit the gnoll but do no damage. You block the gnoll's attack.
The gnoll closely misses you. The gnoll hits you with a +0 club.
* * * LOW HITPOINT WARNING * * *
The gnoll barely misses you. You furiously retaliate!
You headbutt the gnoll. The gnoll barely misses you.
The gnoll barely misses you.
There are monsters nearby!
The gnoll closely misses you. The gnoll hits you with a +0 club.
You die...

#.###.###....# #g# #.#...
##....## ##...# #.# #.### #.#..##
#..######g# ##.#...# ##.###
#..##.....# ##.#....8 #.#
#.....g#### ##.#...... #.#
##.##.g# ##.#.....8. #.# #.##..#
##.#........ #.# #.##gg#
###.#........8 ##.#
###.##.@###..#.......... #..#
###...........#........... #..#
#...............######.†.. #..#
#.....####.#....# ##...
#..#####.###>.....#....# #.#)
#..†[....# #.####.#....# #...
#.######.###...........#######.##
#.######......###.#.#..........#
#.............# #.#.##)#######.##


You could see 4 gnolls.

Vanquished Creatures
  An adder (D:2)
  2 gnolls (D:2)
  A dart slug (D:1)
  An endoplasm (D:1)
  A giant cockroach (D:1)
  2 goblins (D:2)
  A hobgoblin (D:1)
  6 jackals (D:1)
  2 quokkas
  3 ball pythons
  A bat (D:1)
  2 frilled lizards (D:1)
  5 kobolds
  A rat (D:2)
29 creatures vanquished.

Notes
Turn   | Place    | Note
-------+----------+-------------------------------------------
     0 | D:1      | LLlMATKO the Minotaur Berserker began the quest for the
                  | Orb.
     0 | D:1      | Reached XP level 1. HP: 19/19 MP: 0/0
    39 | D:1      | Found Myryvityz's Jewellery Boutique.
   106 | D:1      | Reached XP level 2. HP: 18/27 MP: 1/1
   282 | D:1      | Found a faded altar of an unknown god.
   853 | D:2      | Reached XP level 3. HP: 26/33 MP: 2/2
  1032 | D:2      | Reached ** piety under Trog
  1076 | D:2      | Reached skill level 1 in Shields
  1087 | D:2      | HP: 1/33 [gnoll (3)]
  1099 | D:2      | Slain by a gnoll

Illustrated notes

Levels and vault maps discovered:
D:1:      wander_arrival_fairy_ring, layout_basic, serial_shops,
          nicolae_shop_behind_doors, chequers_ecumenical_altar_simple_redux
D:2:      wad_pebble_path, layout_loops_ring, grunt_decor_junction

Skill      XL: |  1  2  3 |
---------------+----------+-----
Fighting       | 4 |  4.1
Maces & Flails | 4 |  4.1
Armour         | 3 |  3.2
Shields        | 1 |  1.0
Dodging        | |  2.8

Action                   || total
-------------------------++-------
Melee: Mace              ||    49
       Headbutt          ||     4
Invok: Berserk           ||     1
Armor: Animal skin       ||     6
       Chain mail        ||     5
Dodge: Dodged            ||    45
Block: Buckler           ||     7
